 Dungeon Crawl Stone Soup version 0.27.1-34-g3ba077fa99 (webtiles) character file.

Game seed: 3926367957202511987

28 Doot the Conjurer (level 3, -1/21 HPs)
             Began as an Octopode Conjurer on Jan 3, 2022.
             Slain by a sky beast (6 damage)
             ... on level 3 of the Dungeon.
             The game lasted 00:01:48 (678 turns).

Doot the Conjurer (Octopode Conjurer)                Turns: 678, Time: 00:01:49

Health: -1/21      AC:  1    Str:  6    XL:     3   Next: 14%
Magic:  6/6        EV: 13    Int: 21    God:
Gold:   16         SH:  0    Dex: 10    Spells: 3/6 levels left

rFire    . . .     SeeInvis .   a - +0 short sword
rCold    . . .     Faith    .   (no shield)
rNeg     . . .     Spirit   .   (helmet restricted)
rPois    .         Reflect  .   (no amulet)
rElec    .         Harm     .   (no ring)
rCorr    .         Rampage  .   (no ring)
Will     .....                  (no ring)
Stlth    +++.......             (no ring)
HPRegen  0.07/turn              (no ring)
MPRegen  0.10/turn              (no ring)
                                (no ring)
                                (no ring)

@: no status effects
A: almost no armour, amphibious, 8 rings, camouflage 1, gelatinous body 1,
(nimble swimmer 1), tentacles
a: no special abilities


You were on level 3 of the Dungeon.
You visited 1 branch of the dungeon, and saw 3 of its levels.

You collected 16 gold pieces.

Inventory:

Hand Weapons
 a - a +0 short sword (weapon)
Scrolls
 c - a scroll of noise {unknown}
 g - a scroll of identify {unknown}
Potions
 b - a potion of might {unknown}
 d - a potion of curing {unknown}
 e - a potion of invisibility {unknown}
 f - 2 potions of cancellation {unknown}


   Skills:
 + Level 0.1 Short Blades
 + Level 2.1 Dodging
 + Level 2.8 Stealth
 + Level 2.1 Spellcasting
 + Level 4.7 Conjurations


You had 3 spell levels left.
You knew the following spells:

 Your Spells              Type           Power      Damage    Failure   Level
a - Magic Dart            Conj           88%        1d7       1%          1
b - Searing Ray           Conj           44%        3d4       3%          2

Your spell library contained the following spells:

 Spells                   Type           Power      Damage    Failure   Level
 Dazzling Flash           Conj/Hex       24%        N/A       16%         3
 Fulminant Prism          Conj/Hex       6%         3d7       47%         4
 Iskenderun's Mystic Bla  Conj/Tloc      12%        2d5       47%         4


Dungeon Overview and Level Annotations

Branches:
Dungeon (3/15)

Altars:
Ru


Innate Abilities, Weirdness & Mutations

You cannot wear most types of armour.
You are amphibious.
You can wear up to eight rings at the same time.
Your skin changes colour to match your surroundings (Stealth+).
Your rubbery body absorbs attacks. (AC +1, EV +1)
((You are camouflaged near water. (Stealth+)))
You have tentacles for arms and can constrict up to eight enemies at once.


Message History

You finish memorising.
Spell assigned to 'b'.
You start resting.
HP restored.
You start resting.
Magic restored.
You open the door.
There is an open door here.
There is a staircase leading out of the dungeon here.
There is an open door here.
There is a stone staircase leading down here.
You climb downwards.
Found 11 gold pieces.
There is a stone staircase leading up here.
Unknown command.
A goblin comes into view. It is wielding a +0 club.
The goblin shouts!
The magic dart hits the goblin.
You kill the goblin!
Unknown command.
You see here a +0 club.
Found a scroll labelled OXKION KONOOL.
g - a scroll labelled OXKION KONOOL
There is a stone staircase leading down here.
You climb downwards.
The sky beast hits you. The sky beast shocks you.
The sky beast flickers out of sight!
Deactivating autopickup; reactivate with Ctrl-A.
Something hits you. Something shocks you.
* * * LOW HITPOINT WARNING * * *
There is a stone staircase leading up here.
Unknown command.
A sky beast appears from thin air!
Reactivating autopickup.
The sky beast flickers out of sight!
Deactivating autopickup; reactivate with Ctrl-A.
A sky beast appears from thin air!
Reactivating autopickup.
Found a sacrificial altar of Ru.
The sky beast hits you.
* * * LOW HITPOINT WARNING * * *
The sky beast shocks you.
You die...

...#..#...####
#.....#........+
#.≈≈≈.#.#...####
#≈...≈#.##.##
#≈._.≈#.####
#≈...≈#.#
#.≈≈≈.#.###
#.....#Y..#
#@##.# #.## .#
#.# # #.# ##


You could see a sky beast.

Vanquished Creatures
  An orc wizard (D:2)
  A goblin (D:2)
  A hobgoblin (D:2)
  A quokka (D:1)
4 creatures vanquished.

Notes
Turn   | Place    | Note
-------+----------+-------------------------------------------
     0 | D:1      | Doot the Octopode Conjurer began the quest for the Orb.
     0 | D:1      | Reached XP level 1. HP: 11/11 MP: 3/3
   368 | D:2      | Noticed an orc wizard
   370 | D:3      | Noticed a sky beast
   535 | D:2      | Killed an orc wizard
   536 | D:2      | Reached XP level 2. HP: 15/17 MP: 0/5
   536 | D:2      | Reached XP level 3. HP: 19/21 MP: 0/6
   542 | D:1      | Learned a level 2 spell: Searing Ray
   678 | D:3      | Found a sacrificial altar of Ru.
   678 | D:3      | Slain by a sky beast

Illustrated notes

Levels and vault maps discovered:
D:1:      minmay_arrival_checkered_box, layout_loops_ring,
          shapermc_ecumenical_altar_notcrosses, minmay_fountain_box
D:2:      layout_rooms
D:3:      layout_loops_corners, nicolae_ru_awakened_eye, lightli_temple_of_fire,
          serial_shops, nicolae_shop_statue_plus, uniq_ijyb, uniq_jessica

Action                   || total
-------------------------++-------
Melee: Short sword       ||     5
       Constrict         ||     2
       Tentacles         ||     2
 Cast: Magic Dart        ||     9
Dodge: Dodged            ||     3
